 Dungeon Crawl Stone Soup version 0.21.0 (webtiles) character file.

10789 Suckerboh the Slicer (level 11, 0/72 HPs)
             Began as a Kobold Berserker on Jan 5, 2018.
             Was an Elder of Trog.
             Slain by a porcupine (9 damage)
             ... on level 11 of the Dungeon.
             The game lasted 00:21:09 (13112 turns).

Suckerboh the Slicer (Kobold Berserker)            Turns: 13112, Time: 00:21:10

Health: 0/72       AC:  9    Str: 15    XL:     11   Next: 99%
Magic:  11/11      EV: 24    Int: 10    God:    Trog [****..]
Gold:   644        SH:  0    Dex: 20    Spells: 10/10 levels left

rFire    . . .     SeeInvis .   a - +0 short sword
rCold    + + .     Gourm    .   (shield restricted)
rNeg     . . .     Faith    .   D - +2 leather armour {rC+}
rPois    .         Spirit   .   O - +0 helmet
rElec    .         Reflect  .   Q - scarf {repulsion}
rCorr    .         Harm     .   C - +0 pair of gloves (curse)
MR       .....                  y - +0 pair of boots
Stlth    +++++.....             (no amulet)
HPRegen  0.22/turn              p - +4 ring of dexterity
MPRegen  0.12/turn              q - ring of protection from cold

@: berserk cooldown, slowed, studying Unarmed Combat, repel missiles, very slow
A: small, carnivore
a: Berserk, Trog's Hand, Brothers in Arms, Burn Spellbooks, Renounce Religion


You were on level 11 of the Dungeon.
You worshipped Trog.
Trog was greatly pleased with you.
You were full.

You visited 1 branch of the dungeon, and saw 11 of its levels.

You collected 644 gold pieces.

Inventory:

Hand Weapons
 a - a +0 short sword (weapon)
 m - a +1 dagger of freezing
 L - a +1 scimitar of flaming
Missiles
 N - 8 curare-tipped needles
Armour
 b - a +0 animal skin
 y - a +0 pair of boots (worn)
 C - a cursed +0 pair of gloves (worn)
 D - a +2 leather armour of cold resistance (worn)
 O - a +0 helmet (worn)
 Q - a scarf of repulsion (worn)
 T - a +1 hat
Jewellery
 k - an uncursed amulet of the gourmand {unknown}
 p - a +4 ring of dexterity (left hand)
 q - a ring of protection from cold (right hand)
 A - an uncursed ring of ice
 R - an uncursed amulet of guardian spirit {unknown}
Wands
 z - a wand of random effects (25)
 B - a wand of disintegration (25)
 E - a wand of enslavement (17)
 F - a wand of paralysis (6)
Scrolls
 d - 3 scrolls of amnesia {unknown}
 f - 15 scrolls of identify {unknown}
 h - a scroll of enchant weapon {unknown}
 i - 5 scrolls of remove curse {unknown}
 l - 4 scrolls of teleportation {unknown}
 n - 5 scrolls of fear {unknown}
 r - 3 scrolls of immolation {unknown}
 t - a scroll of random uselessness {unknown}
 v - a scroll of brand weapon {unknown}
 w - a scroll of noise {unknown}
 K - 2 scrolls of fog {unknown}
 S - a scroll of blinking {unknown}
 V - 3 scrolls of enchant armour {unknown}
Potions
 e - a potion of resistance {unknown}
 g - 2 potions of haste {unknown}
 o - a potion of curing {unknown}
 s - 2 potions of heal wounds
 u - 2 potions of degeneration {unknown}
 x - a potion of mutation {unknown}
 G - a potion of lignification {unknown}
 H - a potion of might {unknown}
 J - a potion of brilliance {unknown}
 M - a potion of magic {unknown}
 P - 2 potions of agility {unknown}
 U - a potion of ambrosia {unknown}
Books
 j - a manual of Unarmed Combat
 I - a book of Callings

   Spells                             Type                      Level
   a - Summon Small Mammal            Summoning                    1
   b - Call Imp                       Summoning                    2
   c - Call Canine Familiar           Summoning                    3
   d - Summon Guardian Golem          Hexes/Summoning              3
   e - Summon Lightning Spire         Summoning/Air                4
   f - Summon Ice Beast               Ice/Summoning                4
   Trog disapproves of the use of such an item.
Comestibles
 c - 19 rations


   Skills:
 + Level 10.1 Fighting
 - Level 12.0 Short Blades
 + Level 4.1 Armour
 + Level 11.6 Dodging
 + Level 10.9 Stealth


You had 10 spell levels left.
You didn't know any spells.

Dungeon Overview and Level Annotations

Branches:
Dungeon (11/15)            Temple (0/1) D:6
   Lair: D:8-11         Orc: D:9-12

Altars:
Ashenzari
Cheibriados
Dithmenos
Elyvilon
Fedhas
Gozag
Kikubaaqudgha
Ru
Sif Muna
Trog
Uskayaw
Wu Jian
Xom
Yredelemnul

Annotations:
D:5 2 transporters


Innate Abilities, Weirdness & Mutations

You are small and have problems with some larger weapons.
You are carnivorous and can eat meat at any time.


Message History

Unknown command.
Unknown command.
You miss the bullfrog. The porcupine completely misses you.
The bullfrog closely misses you.
You are struck by the porcupine's spines.
* * * LOW HITPOINT WARNING * * *
You puncture the porcupine!
The porcupine is heavily wounded.
The bullfrog barely misses you.
The porcupine bites you but does no damage.
You are struck by the porcupine's spines.
* * * LOW HITPOINT WARNING * * *
You closely miss the porcupine.
The porcupine is heavily wounded.
The bullfrog completely misses you. The porcupine bites you.
* * * LOW HITPOINT WARNING * * *
You barely miss the porcupine.
The porcupine is heavily wounded.
The bullfrog misses you. The porcupine bites you!
You die...

....$
.....
####.....
#......
#.....
#...#
#.r.#
#@..#
#.F.#
#...#
#...#
#....
#.....
#......
#.......


You could see a bullfrog and a porcupine.

Vanquished Creatures
  Fannar (D:10)
  Erica (D:8)
  2 death yaks (D:10)
  2 two-headed ogres
  The ghost of mortelune the Cudgeler, a novice GrFi of Okawaru (D:6)
  Pikel (D:6)
  Joseph (D:7)
  A hornet (D:8)
  Prince Ribbit (D:5)
  2 hippogriffs
  A spriggan (D:7)
  11 yaks (D:9)
  Menkaure (D:2)
  A phantom (D:2)
  An orc warrior (D:6)
  4 sky beasts
  3 necrophages
  3 black bears
  An ogre (D:6)
  3 centaurs
  3 bullfrogs (D:9)
  Blork the orc (D:4)
  A scorpion (D:5)
  3 killer bees (D:10)
  2 electric eels (D:9)
  3 wights (D:9)
  2 howler monkeys (D:6)
  2 bullfrog zombies
  A crimson imp (D:7)
  5 hounds
  2 jellies
  3 bullfrog skeletons
  3 centaur skeletons
  4 orc priests
  3 orc wizards
  2 iguanas
  5 worker ants
  A killer bee zombie (D:8)
  A hound skeleton (D:6)
  Robin (D:3)
  3 gnolls
  A howler monkey skeleton (D:9)
  A worker ant zombie (D:5)
  8 adders
  A river rat (D:10)
  3 shadow imps
  2 oozes
  3 adder skeletons
  4 worms
  A dart slug (D:1)
  6 leopard geckos
  22 orcs
  6 bats
  A bat skeleton (D:2)
  5 giant cockroaches
  16 goblins
  10 hobgoblins
  8 jackals (D:2)
  4 quokkas
  3 ball pythons
  4 frilled lizards
  A giant cockroach zombie (D:2)
  A jackal zombie (D:7)
  9 kobolds
  A leopard gecko zombie (D:6)
  7 rats
221 creatures vanquished.

Vanquished Creatures (collateral kills)
  Maurice (D:10)
1 creature vanquished.

Vanquished Creatures (others)
  An orc warrior (D:6)
  3 slaves (D:6)
  A hound (D:6)
  A howler monkey zombie (D:6)
  A gnoll (D:6)
  An adder (D:6)
  An orc (D:6)
9 creatures vanquished.

Grand Total: 231 creatures vanquished

Notes
Turn   | Place    | Note
-------+----------+-------------------------------------------
     0 | D:1      | Suckerboh the Kobold Berserker began the quest for the Orb.
     0 | D:1      | Reached XP level 1. HP: 14/14 MP: 1/1
   322 | D:1      | Reached XP level 2. HP: 17/19 MP: 2/2
  1229 | D:1      | Reached XP level 3. HP: 16/23 MP: 3/3
  1460 | D:2      | Reached skill level 5 in Short Blades
  1536 | D:2      | Reached skill level 1 in Stealth
  1663 | D:2      | Found a basalt altar of Yredelemnul.
  1665 | D:2      | Noticed Menkaure
  1667 | D:2      | Found an ancient bone altar of Kikubaaqudgha.
  1668 | D:2      | Noticed a phantom
  1738 | D:2      | Reached ** piety under Trog
  1915 | D:2      | Found a deep blue altar of Sif Muna.
  1980 | D:2      | Reached XP level 4. HP: 12/28 MP: 4/4
  2238 | D:2      | Found a bloodstained altar of Trog.
  2720 | D:2      | Found a transporter.
  2721 | D:2      | Found a transporter.
  3318 | D:2      | Killed Menkaure
  3318 | D:2      | Reached skill level 6 in Short Blades
  3318 | D:2      | Reached XP level 5. HP: 33/33 MP: 5/5
  3318 | D:2      | Reached XP level 6. HP: 38/38 MP: 6/6
  3359 | D:2      | Killed a phantom
  4341 | D:3      | Noticed Robin
  4382 | D:3      | Killed Robin
  4400 | D:3      | Reached *** piety under Trog
  4622 | D:3      | Reached skill level 7 in Short Blades
  4711 | D:4      | Noticed Blork the orc
  4712 | D:4      | Found an opulent altar of Gozag.
  4720 | D:4      | Killed Blork the orc
  4720 | D:4      | Reached XP level 7. HP: 44/44 MP: 7/7
  5139 | D:4      | Found a white marble altar of Elyvilon.
  5371 | D:4      | Found a shattered altar of Ashenzari.
  5648 | D:5      | Entered Level 5 of the Dungeon
  5839 | D:5      | Found a transporter.
  5885 | D:5      | Found a transporter.
  5958 | D:5      | Reached skill level 5 in Dodging
  6045 | D:5      | Reached skill level 8 in Short Blades
  6375 | D:5      | Reached XP level 8. HP: 48/48 MP: 8/8
  6515 | D:5      | Found a sacrificial altar of Ru.
  6711 | D:5      | Noticed Prince Ribbit
  6872 | D:5      | Reached skill level 5 in Fighting
  7244 | D:5      | Killed Prince Ribbit
  7244 | D:5      | Reached skill level 9 in Short Blades
  7488 | D:5      | Found a sacrificial altar of Ru.
  7517 | D:6      | Noticed mortelune's ghost (novice GrFi)
  7518 | D:6      | Noticed Pikel
  7590 | D:6      | Killed Pikel
  7590 | D:6      | Reached skill level 10 in Short Blades
  7590 | D:6      | Reached skill level 5 in Stealth
  7590 | D:6      | Reached XP level 9. HP: 55/55 MP: 9/9
  7594 | D:6      | Killed mortelune's ghost
  7594 | D:6      | Reached skill level 11 in Short Blades
  8073 | D:6      | Found a staircase to the Ecumenical Temple.
  8174 | D:6      | Reached **** piety under Trog
  8533 | D:6      | Found a shimmering altar of Xom.
  8591 | D:7      | Found an ornate altar of the Wu Jian Council.
  8591 | D:7      | Noticed a hippogriff
  8593 | D:7      | Killed a hippogriff
  8593 | D:7      | Reached XP level 10. HP: 63/63 MP: 10/10
  8625 | D:7      | Noticed Joseph
  8637 | D:7      | Killed Joseph
  8637 | D:7      | Reached skill level 12 in Short Blades
  9122 | D:7      | Found a hide-covered altar of Uskayaw.
  9125 | D:7      | Found a blossoming altar of Fedhas.
  9131 | D:7      | Found a snail-covered altar of Cheibriados.
  9430 | D:7      | Found a shimmering altar of Xom.
  9988 | D:8      | Noticed a two-headed ogre
 10005 | D:8      | Killed a two-headed ogre
 10161 | D:8      | Noticed Erica
 10178 | D:8      | Killed Erica
 10251 | D:8      | Reached skill level 10 in Dodging
 10420 | D:8      | Reached XP level 11. HP: 67/69 MP: 11/11
 11249 | D:9      | Reached skill level 10 in Stealth
 11254 | D:9      | Reached ***** piety under Trog
 11972 | D:9      | Noticed a two-headed ogre
 12042 | D:9      | Killed a two-headed ogre
 12521 | D:10     | Entered Level 10 of the Dungeon
 12528 | D:10     | Found a shadowy altar of Dithmenos.
 12841 | D:10     | Noticed Fannar
 12842 | D:10     | Noticed Maurice
 12846 | D:10     | Paralysed by Maurice for 7 turns
 12851 | D:10     | Killed Maurice
 12870 | D:10     | Killed Fannar
 13064 | D:10     | Noticed a death yak
 13067 | D:10     | Noticed a death yak
 13067 | D:10     | Noticed a death yak
 13090 | D:10     | Killed a death yak
 13100 | D:10     | Killed a death yak
 13100 | D:10     | Reached skill level 10 in Fighting
 13112 | D:11     | Slain by a porcupine

Skill      XL: |  1  2  3  4  5  6  7  8  9 10 11 |
---------------+----------------------------------+-----
Short Blades   | 5 6 7 8 10 11 12 | 12.0
Stealth        | 1 3 4 5 8 10 | 10.9
Dodging        | 3 4 5 6 8 10 11 | 11.6
Fighting       | 4 6 7 8 10 | 10.1
Armour         | 2 4 |  4.1

Action                   |  1- 3 |  4- 6 |  7- 9 | 10-12 || total
-------------------------+-------+-------+-------+-------++-------
Melee: Short sword       |   117 |   196 |   386 |   607 ||  1306
Invok: Berserk           |     4 |     4 |    11 |    12 ||    31
       Trog's Hand       |       |       |     1 |     1 ||     2
       Brothers in Arms  |       |       |       |     2 ||     2
  Use: Potion            |       |       |     1 |       ||     1
 Stab: Sleeping          |     3 |     4 |     6 |    11 ||    24
       Distracted        |       |       |       |     2 ||     2
  Eat: Chunk             |    14 |    11 |    23 |    25 ||    73
Armor: Animal skin       |     8 |    17 |    26 |     1 ||    52
       Leather armour    |       |       |       |    62 ||    62
Dodge: Dodged            |    62 |   151 |   237 |   308 ||   758
